 Dungeon Sprint DCSS version 0.17-a0-1840-g87820a2 (webtiles) character file.

149 nuthulu the Chopper (level 5, -2/52 HPs)
             Began as a Minotaur Berserker on Sept 16, 2015.
             Was an Elder of Trog.
             Slain by a sun demon (19 damage)
             ... summoned by a kobold demonologist
             ... in the Dungeon (Sprint III: "The Ten Rune Challenge").
             The game lasted 00:01:13 (699 turns).

nuthulu the Chopper (Minotaur Berserker)             Turns: 699, Time: 00:01:13

Health: -2/52      AC:  2    Str: 22    XL:     5   Next: 9%
Magic:  4/4        EV: 16    Int:  4    God:    Trog [****..]
Gold:   33         SH:  0    Dex: 10    Spells: 0 memorised, 4 levels left

rFire  . . .     SeeInvis .     a - +0 hand axe
rCold  . . .     Clarity  .     b - +0 animal skin
rNeg   . . .     SustAt   .     (no shield)
rPois  .         Gourm    .     (helmet unavailable)
rElec  .         Spirit   .     (no cloak)
rCorr  .         Warding  .     (no gloves)
rMut   .         NoTele   +     (no boots)
MR     +++..                    (no amulet)
Stlth  +.........               (no ring)
                                (no ring)

@: regenerating, extremely resistant to hostile enchantments, very unstealthy
A: retaliatory headbutt, horns 3, repulsion field 1, magic resistance 1
a: Burn Spellbooks, Berserk, Trog's Hand, Brothers in Arms, Renounce Religion


You were in the Dungeon.
You worshipped Trog.
Trog was greatly pleased with you.
You were hungry.

You visited 1 branch You collected 33 gold pieces.

Inventory:

Hand weapons
 a - a +0 hand axe (weapon)
Armour
 b - a +0 animal skin (worn)
Scrolls
 i - a scroll of blinking
 n - a scroll of immolation {unknown}
 o - 2 scrolls of identify
 p - 4 scrolls of remove curse
 s - a scroll of holy word {unknown}
Potions
 d - a potion of curing
 e - a potion of heal wounds
 f - a potion of haste
 g - 2 potions of magic
 h - a potion of berserk rage
 j - a potion of lignification {unknown}
 m - 2 potions of mutation
 q - 3 potions of cure mutation
 r - a potion of degeneration {unknown}
 u - a potion of flight {unknown}
Comestibles
 c - 2 bread rations
 l - a meat ration
 t - 3 fruits


   Skills:
 + Level 7.0 Fighting
 + Level 7.1 Axes
 + Level 6.6 Armour
 + Level 5.9 Dodging


You had 4 spell levels left.
You didn't know any spells.

Dungeon Overview and Level Annotations

Branches:
Dungeon (1/1)

Altars:
Kikubaaqudgha
Sif Muna
Vehumet


Innate Abilities, Weirdness & Mutations

You reflexively headbutt those who attack you in melee.
You have a pair of large horns on your head.
You are surrounded by a mild repulsion field (EV +2).
You are resistant to hostile enchantments.


Message History

You kill the iron imp!
You miss the kobold demonologist.
Your headbutt misses the kobold demonologist.
The kobold demonologist hits you with a dagger.
Unknown command.
You miss the kobold demonologist.
The kobold demonologist mumbles some strange words.
You hit the kobold demonologist but do no damage.
Your headbutt misses the kobold demonologist.
You barely miss the soul eater. You barely miss the sun demon.
You headbutt the sun demon!
The sun demon is lightly wounded.
You hit the soul eater.
The soul eater is lightly wounded.
The soul eater barely misses you.
Unknown command.
The sun demon hits you!!
Ouch! That really hurt!
You are engulfed in flames!!
You die...

▓▓▓▓▓▓▓ ▓▓▓ .+....♣♣
♣.# .#.....♣ ♣♣.#
##....♣♣♣ ..#
.#....≈.♣ ♣♣.###+#+###
.#...≈≈♣♣♣♣..#........
.#..≈≈≈≈♣.♣..+.⌠......
'#..≈≈≈≈≈≈.♣.#...#####
÷#.≈≈≈≈≈≈....#.3@#
.#.≈≈≈≈≈.....#.3.#
.#.≈≈≈.......#K###
##...........#.5
.............#5_5
▓▓▓▓▓▓▓▓▓▓▓▓▓▓▓▓▓▓


You could see a soul eater, a sun demon and a kobold demonologist.

Vanquished Creatures
  A water elemental (D)
  A wizard (D)
  Jessica (D)
  A human (D)
  An ooze (D)
  A phantom (D)
  2 rats (D)
8 creatures vanquished.

Vanquished Creatures (others)
  2 draconian scorchers (D)
  A yaktaur (D)
3 creatures vanquished.

Grand Total: 11 creatures vanquished

Notes
Turn   | Place    | Note
--------------------------------------------------------------
     0 | D        | nuthulu the Minotaur Berserker began the quest for the Orb.
     0 | D        | Reached XP level 1. HP: 19/19 MP: 0/0
     9 | D        | Acquired Trog's second power
     9 | D        | Reached skill level 4 in Fighting
   169 | D        | Killed a yaktaur
   270 | D        | Noticed Jessica
   273 | D        | Killed Jessica
   273 | D        | Reached skill level 5 in Fighting
   273 | D        | Reached skill level 5 in Axes
   273 | D        | Reached XP level 2. HP: 25/29 MP: 1/1
   273 | D        | Reached XP level 3. HP: 31/36 MP: 2/2
   302 | D        | Killed a white draconian scorcher
   326 | D        | Killed a white draconian scorcher
   378 | D        | Reached skill level 5 in Armour
   609 | D        | Gained mutation: You have a pair of large horns on your head. [potion of mutation]
   609 | D        | Gained mutation: You are resistant to hostile enchantments. [potion of mutation]
   609 | D        | Gained mutation: You are surrounded by a mild repulsion field (EV +2). [potion of mutation]
   625 | D        | Noticed a water elemental
   629 | D        | Killed a water elemental
   629 | D        | Reached skill level 6 in Fighting
   629 | D        | Reached skill level 5 in Dodging
   629 | D        | Reached XP level 4. HP: 45/45 MP: 3/3
   683 | D        | Found a radiant altar of Vehumet.
   683 | D        | Found a deep blue altar of Sif Muna.
   683 | D        | Found an ancient bone altar of Kikubaaqudgha.
   683 | D        | Noticed a wizard
   685 | D        | Paralysed by a wizard for 6 turns
   691 | D        | Killed a wizard
   691 | D        | Acquired Trog's third power
   691 | D        | Reached skill level 7 in Fighting
   691 | D        | Reached XP level 5. HP: 39/52 MP: 4/4
   695 | D        | Noticed a sun demon
   696 | D        | Noticed a soul eater
   699 | D        | Slain by a sun demon

Vault maps used:
D:        dungeon_sprint_mu

Action                   |  1- 3 |  4- 6 || total
-------------------------+-------+-------++-------
Melee: Hand axe          |    31 |     6 ||    37
Invok: Trog's Hand       |     1 |     1 ||     2
       Berserk           |     1 |       ||     1
       Burn Spellbooks   |       |     1 ||     1
  Use: Scroll            |     1 |       ||     1
       Potion            |     1 |       ||     1
